 Dungeon Crawl Stone Soup version 0.17-a0-2093-gc772f4b (webtiles) character file.

108882 brucemayne the Executioner (level 16, -9/145 HPs)
             Began as a Hill Orc Berserker on Oct 16, 2015.
             Was an Elder of Trog.
             Blown up by an orb spider (13 damage)
             ... with an orb of destruction
             ... on level 4 of the Spider Nest on Oct 17, 2015.
             The game lasted 01:27:46 (10061 turns).

brucemayne the Executioner (Hill Orc Berserker)    Turns: 10061, Time: 01:27:46

Health: -9/145     AC: 28    Str: 32 (34) XL:     16   Next: 15%
Magic:  2/16       EV: 14    Int:  8 (9)  God:    Trog [****..]
Gold:   794        SH:  7    Dex: 15      Spells: 0 memorised, 15 levels left

rFire  + . .     SeeInvis .     d - +6 war axe (venom)
rCold  + + .     Clarity  .     G - +0 gold dragon armour "Zebubbel" {*Confuse rPois rF+ rC+ rN+ MR- Str+11}
rNeg   + . .     SustAt   .     R - +2 buckler
rPois  +         Gourm    .     C - +2 helmet
rElec  .         Spirit   .     E - +0 cloak
rCorr  .         Warding  .     p - +1 pair of gloves
rMut   +         Stasis   .     o - +3 pair of boots of Maguigg {rF+ Dex+3}
MR     ++...                    X - amulet of resist mutation
Stlth  ..........               k - ring of ice
                                U - +3 ring of evasion

@: lethally poisoned (-9 -> -9), regenerating, very resistant to hostile
enchantments, extremely unstealthy
A: robust 1
a: Burn Spellbooks, Berserk, Trog's Hand, Brothers in Arms, Renounce Religion
}: 1/15 runes: barnacled


You were on level 4 of the Spider Nest.
You worshipped Trog.
Trog was greatly pleased with you.
You were hungry.

You visited 5 branches of the dungeon, and saw 31 of its levels.
You also visited: Volcano.

You collected 1648 gold pieces.
You spent 854 gold pieces at shops.

Inventory:

Hand Weapons
 d - a +6 war axe of venom (weapon)
 z - a +0 blowgun
 B - a +9 antimagic executioner's axe
 D - the +9 war axe "Leplar" {chop, Str-3 Int+6}
   (You found it on level 1 of the Spider Nest)

   It inflicts extra damage upon your enemies.
   It affects your strength (-3).
   It affects your intelligence (+6).
 N - a cursed +0 executioner's axe
 T - a +6 battleaxe of flaming
Missiles
 j - 44 poisoned needles
 m - 9 javelins (quivered)
 v - 2 throwing nets
Armour
 o - the +3 pair of boots of Maguigg (worn) {rF+ Dex+3}
   (You found it on level 6 of the Dungeon)

   It affects your dexterity (+3).
   It protects you from fire.
 p - a +1 pair of gloves (worn)
 C - a +2 helmet (worn)
 E - a +0 cloak (worn)
 G - the +0 gold dragon armour "Zebubbel" (worn) {*Confuse rPois rF+ rC+ rN+ MR- Str+11}
   (You found it on level 4 of the Shoals)

   It affects your strength (+11).
   It protects you from fire.
   It protects you from cold.
   It protects you from poison.
   It protects you from negative energy.
   It affects your resistance to hostile enchantments.
   It may confuse you when you take damage.
 R - a +2 buckler (worn)
Jewellery
 e - an uncursed ring of protection from fire
 k - a ring of ice (right hand)
 U - a +3 ring of evasion (left hand)
 X - an amulet of resist mutation (around neck)
Wands
 i - a wand of lightning (6)
 u - a wand of digging (14)
 x - a wand of paralysis (6)
 J - a wand of teleportation (3)
Scrolls
 b - 5 scrolls of remove curse
 l - a scroll of enchant weapon
 n - 2 scrolls of enchant armour
 q - 2 scrolls of vulnerability
 r - a scroll of amnesia
 t - 2 scrolls of fog
 A - 3 scrolls of recharging
 I - a scroll of identify
 M - a scroll of holy word
Potions
 a - a potion of agility {unknown}
 g - 7 potions of resistance
 h - a potion of cure mutation {unknown}
 w - 2 potions of lignification
 F - a potion of invisibility {unknown}
 H - a potion of mutation {unknown}
 Z - a potion of might
Miscellaneous
 y - a disc of storms
Comestibles
 c - 8 bread rations
 f - 2 meat rations
 K - 2 chunks of flesh
 V - 12 royal jellies


   Skills:
 - Level 9.2 Fighting
 - Level 26.4 Axes
 - Level 9.0 Armour
 - Level 9.9 Dodging
 + Level 4.6 Shields


You had 15 spell levels left.
You didn't know any spells.

Dungeon Overview and Level Annotations

Branches:
Dungeon (11/15)              Lair (8/8) D:9          Shoals (4/4) Lair:6
 Spider (4/4) Lair:4        Slime (0/6) Lair:8          Orc (4/4) D:10
 Temple: D:4-7          Elf: Orc:3-4

Altars:
Fedhas
Beogh

Shops:
Orc:4 =:}[

Annotations:
Lair:6 Nessos
Lair:7 exclusion: ice statue
Spider:4 Arachne


Innate Abilities, Weirdness & Mutations

You are robust (+10% HP).


Message History

Your two-headed ogre goes berserk!
You feel somewhat more hungry.
The trapdoor spider bites you but does no damage.
Arachne says, "Come closer, little fly."
The trapdoor spider misses you.
You slash the trapdoor spider!
The trapdoor spider is poisoned.
The trapdoor spider is lightly wounded.
You feel sick.
The orb spider weaves a glowing orb of energy.
Arachne says, "No one escapes my webs."
You block the trapdoor spider's attack.
You hear an angry hiss. x2
You hear an angry buzzing noise.
You hear an angry hiss.
You slice the trapdoor spider!!
The trapdoor spider looks even sicker.
The trapdoor spider is severely wounded.
Arachne mumbles some strange words.
Arachne blinks!
The trapdoor spider barely misses you.
Unknown command.
You swap places.
You feel sick. The orb of destruction hits you!
You die...

..#..........^......#*,,,≈,,,,,**
..#.................#*,,,,,,,,,≈,
.#...#..###.........##*,,,,,,,,,,
....^..## ###..§.....#*,≈,,≈,,,,,
......## ###.....#^..###****,≈≈,,
.....## #..)..s.......# *****,
.....# *#......§......# ** .....#
#...#...§s...### *** .....#*
##......@O#### *,****** ......*
#.....#.## **,,,,,,* .....##
*##.....## *,,,,,,,,
,,,,,,***....[..,** *,,,,*,,,
,,*,,,,*,.......,,* **,,,,,*,,
,,,,,,,,,.......,*** **,,,,,,,,,
,,,,,*,,,...#.%.,,,****,,,,,,,,,,
,,,,,,,,,,.#.^..,,,,**,,,,,,,,,**
,,,<,,,*,,,,,,,,,,,,,,,,,,,,,,,**


You could see an orb spider, a trapdoor spider and a friendly two-headed ogre
(berserk).

Vanquished Creatures
  Kirke (Spider:2)
  A ghost moth (Spider:3)
  The ghost of nubinia the Devastator, a journeyman TeFE of Sif Muna (Lair:7)
  5 merfolk javelineers
  3 merfolk impalers
  2 entropy weavers (Spider:4)
  2 hydras (Lair:7)
  An alligator snapping turtle (Shoals:4)
  An anaconda (Lair:4)
  A merfolk avatar (Shoals:4)
  An ice dragon (Lair:7)
  2 merfolk aquamancers (Shoals:4)
  A satyr (Shoals:4)
  14 death yaks
  3 orc high priests (Orc:4)
  The ghost of brucemayne the Cleaver, a novice HOBe of Trog (D:11)
  9 sea snakes
  2 hornets (Spider:4)
  3 orc knights (Orc:4)
  7 harpies
  5 wolf spiders
  An orc sorcerer (Orc:4)
  A water nymph (Shoals:4)
  5 griffons
  3 manticores (Shoals:4)
  2 fauns
  9 black mambas
  4 elephants (Lair:8)
  A toenail golem (Volcano)
  7 sirens
  A smoke demon (Volcano)
  4 spiny frogs
  A demonic crawler (Spider:1)
  7 komodo dragons
  A fire drake (Lair:7)
  9 polar bears
  2 trolls (Orc:4)
  15 merfolk
  A wind drake (Shoals:1)
  Prince Ribbit (Lair:3)
  4 jumping spiders
  5 blink frogs
  A boulder beetle (Lair:7)
  4 snapping turtles
  A raiju (Lair:8)
  2 wyverns
  11 redbacks
  5 hogs
  4 tarantellas
  24 yaks
  3 trapdoor spiders
  2 basilisks (D:9)
  2 water elementals (Shoals:4)
  8 hippogriffs
  2 fire bats (Volcano)
  11 wolves
  9 wargs
  6 porcupines
  14 black bears
  4 hell hounds (Lair:8)
  2 spiders
  38 orc warriors
  3 sky beasts
  5 ice beasts
  17 water moccasins
  11 ogres
  3 centaurs
  A big kobold (D:7)
  11 crocodiles
  10 giant frogs
  A scorpion (D:5)
  A wyvern zombie (D:7)
  7 lava snakes (Volcano)
  A killer bee (D:10)
  A crimson imp (Volcano)
  34 orc priests
  3 jellies (Lair:8)
  15 hounds
  5 iguanas
  24 orc wizards
  A worker ant (D:7)
  5 sheep (Lair:6)
  A hound skeleton (D:7)
  An adder (D:8)
  20 river rats
  3 white imps (Lair:7)
  An ooze (Lair:8)
  An adder zombie (D:6)
  182 orcs
  2 bats (D:2)
  A giant cockroach (D:8)
  A hobgoblin (D:1)
  8 kobolds
  A quokka (D:10)
  A giant gecko (D:6)
  A goblin (D:2)
  5 jackals (Lair:8)
  A rat (D:9)
  13 fungi
  9 plants
714 creatures vanquished.

Vanquished Creatures (collateral kills)
  An orc warlord (Orc:4)
  A merfolk javelineer (Shoals:2)
  A merfolk impaler (Shoals:2)
  A merfolk avatar (Shoals:3)
  A satyr (Shoals:3)
  3 death yaks (Lair:8)
  An orc high priest (Orc:4)
  A sea snake (Shoals:2)
  An orb spider (Spider:1)
  A faun (Shoals:2)
  A griffon (Lair:7)
  2 water nymphs (Shoals:2)
  2 sirens
  5 merfolk
  3 blink frogs (Lair:8)
  A basilisk (Lair:7)
  A yak (Lair:8)
  A hippogriff (Lair:7)
  2 wolves (Lair:7)
  2 orc priests (Orc:4)
  An orc wizard (Orc:4)
33 creatures vanquished.

Vanquished Creatures (others)
  2 humans (Spider:2)
  5 fungi
  8 plants
15 creatures vanquished.

Grand Total: 762 creatures vanquished

Notes
Turn   | Place    | Note
--------------------------------------------------------------
     0 | D:1      | brucemayne the Hill Orc Berserker began the quest for the Orb.
     0 | D:1      | Reached XP level 1. HP: 19/19 MP: 1/1
    92 | D:2      | Reached XP level 2. HP: 12/26 MP: 2/2
   148 | D:3      | Reached skill level 5 in Axes
   148 | D:3      | Reached XP level 3. HP: 21/31 MP: 3/3
   248 | D:4      | Noticed a phantom
   275 | D:5      | Entered Level 5 of the Dungeon
   394 | D:6      | Got a pair of scorched boots
   400 | D:6      | Identified the +3 pair of boots of Maguigg {rF+ Dex+3} (You found it on level 6 of the Dungeon)
   513 | D:6      | Noticed an orc warrior
   543 | D:6      | Reached skill level 6 in Axes
   543 | D:6      | Reached XP level 4. HP: 39/39 MP: 4/4
   605 | D:6      | Reached skill level 7 in Axes
   605 | D:6      | Reached XP level 5. HP: 45/45 MP: 5/5
   607 | D:6      | Killed an orc warrior
   607 | D:6      | Reached skill level 8 in Axes
   742 | D:5      | Noticed a scorpion
   762 | D:5      | Killed a scorpion
   762 | D:5      | Reached skill level 9 in Axes
   762 | D:5      | Reached XP level 6. HP: 38/51 MP: 6/6
   796 | D:5      | Noticed an ice beast
   814 | D:5      | Killed an ice beast
   887 | D:7      | Noticed an ogre
   895 | D:7      | Killed an ogre
   895 | D:7      | Reached skill level 10 in Axes
   895 | D:7      | Reached XP level 7. HP: 45/57 MP: 7/7
   913 | D:7      | Noticed an ogre
   929 | D:7      | Killed an ogre
  1017 | D:8      | Found a blossoming altar of Fedhas.
  1056 | D:7      | Reached skill level 11 in Axes
  1070 | D:7      | Reached ** piety under Trog
  1139 | D:8      | Reached XP level 8. HP: 64/64 MP: 8/8
  1347 | D:8      | Reached skill level 12 in Axes
  1452 | D:9      | Reached skill level 5 in Fighting
  1492 | D:9      | Reached skill level 13 in Axes
  1492 | D:9      | Reached XP level 9. HP: 42/75 MP: 9/9
  1523 | D:9      | Reached skill level 14 in Axes
  1532 | D:9      | Reached skill level 15 in Axes
  1608 | D:9      | Reached skill level 16 in Axes
  1608 | D:9      | Reached XP level 10. HP: 62/83 MP: 10/10
  1743 | D:9      | Found a staircase to the Lair.
  1747 | D:9      | Identified the Incunabulum of Glacial Summoning (You found it on level 9 of the Dungeon)
  1816 | D:10     | Entered Level 10 of the Dungeon
  1835 | D:10     | Gained mutation: You are robust (+10% HP). [mutagenic meat]
  1836 | D:10     | THEDREAM.
  1846 | D:10     | Found a blossoming altar of Fedhas.
  1863 | D:10     | Reached skill level 5 in Armour
  1925 | D:10     | Found a roughly hewn altar of Beogh.
  1925 | D:10     | Found a staircase to the Orcish Mines.
  1956 | D:10     | Reached *** piety under Trog
  2059 | Orc:1    | Entered Level 1 of the Orcish Mines
  2219 | Orc:2    | Reached **** piety under Trog
  2538 | Orc:4    | Entered Level 4 of the Orcish Mines
  2649 | Orc:4    | Reached skill level 17 in Axes
  2673 | Orc:4    | Found a roughly hewn altar of Beogh.
  2709 | Orc:4    | Noticed an orc knight
  2709 | Orc:4    | Noticed an orc sorcerer
  2712 | Orc:4    | Noticed a soul eater
  2722 | Orc:4    | Reached XP level 11. HP: 106/106 MP: 11/11
  2731 | Orc:4    | Killed an orc knight
  2757 | Orc:4    | Killed an orc sorcerer
  2792 | Orc:4    | Noticed an orc knight
  2793 | Orc:4    | Found Fuablis's Gadget Boutique.
  2803 | Orc:4    | Killed an orc knight
  2803 | Orc:4    | Reached skill level 18 in Axes
  2837 | Orc:4    | Found Axell's Armour Shop.
  2842 | Orc:4    | Noticed an orc knight
  2859 | Orc:4    | Killed an orc knight
  2859 | Orc:4    | Reached ***** piety under Trog
  3350 | Orc:4    | Noticed an orc warlord
  3375 | Orc:4    | Killed an orc warlord
  3375 | Orc:4    | Reached skill level 19 in Axes
  3542 | Orc:4    | Noticed an orc high priest
  3561 | Orc:4    | Killed an orc high priest
  3647 | Orc:4    | Noticed an orc high priest
  3660 | Orc:4    | Noticed an ice devil
  3665 | Orc:4    | Killed an orc high priest
  3673 | Orc:4    | Received a gift from Trog
  3690 | Orc:4    | Found a roughly hewn altar of Beogh.
  3726 | Orc:4    | Reached skill level 20 in Axes
  3727 | Orc:4    | Noticed an orc high priest
  3742 | Orc:4    | Killed an orc high priest
  3742 | Orc:4    | Reached XP level 12. HP: 98/114 MP: 12/12
  3753 | Orc:4    | Found Xoselupo's Book Shop.
  3772 | Orc:4    | Found Soquc's Jewellery Shoppe.
  3772 | Orc:4    | Noticed an orc high priest
  3807 | Orc:4    | Killed an orc high priest
  3822 | Orc:4    | Bought an uncursed amulet of resist mutation for 560 gold pieces
  4165 | Orc:4    | Bought a +3 ring of evasion for 294 gold pieces
  4330 | Orc:3    | Found a roughly hewn altar of Beogh.
  4427 | Orc:4    | Received a gift from Trog
  4521 | D:11     | Noticed brucemayne's ghost (novice HOBe)
  4533 | D:11     | Killed brucemayne's ghost
  4533 | D:11     | Reached skill level 21 in Axes
  4577 | Lair:1   | Entered Level 1 of the Lair of Beasts
  4776 | Lair:1   | Found a dark tunnel.
  4781 | Volcano  | Entered a volcano
  4915 | Volcano  | Found a burning altar of Makhleb.
  5180 | Lair:2   | You fall through a shaft for 2 floors!
  5204 | Lair:3   | Received a gift from Trog
  5361 | D:10     | we gucci
  5507 | Lair:3   | Noticed Prince Ribbit
  5510 | Lair:3   | Reached skill level 22 in Axes
  5515 | Lair:3   | Killed Prince Ribbit
  5706 | Lair:5   | Noticed a death yak
  5707 | Lair:5   | Noticed a death yak
  5708 | Lair:5   | Noticed a death yak
  5712 | Lair:5   | Noticed a death yak
  5725 | Lair:5   | Killed a death yak
  5728 | Lair:5   | Killed a death yak
  5728 | Lair:5   | Reached XP level 13. HP: 97/122 MP: 4/13
  5729 | Lair:5   | Killed a death yak
  5731 | Lair:5   | Killed a death yak
  5889 | Lair:7   | Noticed nubinia's ghost (journeyman TeFE)
  5914 | Lair:7   | Killed nubinia's ghost
  6026 | Lair:8   | Entered Level 8 of the Lair of Beasts
  6175 | Lair:8   | Reached skill level 23 in Axes
  6291 | Lair:8   | Received a gift from Trog
  6559 | Lair:7   | Reached skill level 24 in Axes
  6627 | Lair:8   | Found a staircase to the Slime Pits.
  6664 | Lair:8   | Reached XP level 14. HP: 103/129 MP: 4/14
  6799 | Lair:8   | Reached skill level 25 in Axes
  6866 | Lair:8   | Received a gift from Trog
  7343 | Lair:6   | Found a staircase to the Shoals.
  7372 | Shoals:1 | Entered Level 1 of the Shoals
  7577 | Shoals:2 | Reached skill level 26 in Axes
  7613 | Shoals:2 | Received a gift from Trog
  7889 | Shoals:3 | Reached XP level 15. HP: 35/136 MP: 5/15
  8124 | Shoals:4 | Entered Level 4 of the Shoals
  8244 | Shoals:4 | Identified Ruf Meim's Tome of Twisted Ice
  8337 | Shoals:4 | Reached skill level 5 in Dodging
  8348 | Shoals:4 | Got a bloodstained gold dragon armour
  8361 | Shoals:4 | Identified the +0 gold dragon armour "Zebubbel" {*Confuse rPois rF+ rC+ rN+ MR- Str+11} (You found it on level 4 of the Shoals)
  8924 | Shoals:4 | Got a barnacled rune of Zot
  9105 | Lair:6   | Noticed Nessos
  9243 | Lair:4   | Noticed an anaconda
  9252 | Lair:4   | Killed an anaconda
  9484 | Lair:4   | Found a hole to the Spider Nest.
  9502 | Spider:1 | Entered Level 1 of the Spider Nest
  9547 | Spider:1 | Got a blackened war axe
  9564 | Spider:1 | Identified the +9 war axe "Leplar" {chop, Str-3 Int+6} (You found it on level 1 of the Spider Nest)
  9586 | Spider:2 | Noticed Kirke
  9697 | Spider:2 | Killed Kirke
  9842 | Spider:3 | Reached XP level 16. HP: 90/145 MP: 0/16
  9868 | Spider:4 | Entered Level 4 of the Spider Nest
  9916 | Spider:4 | Reached skill level 1 in Shields
 10032 | Spider:4 | Noticed Arachne
 10052 | Spider:4 | HP: 5/145 [tarantella (6)]
 10055 | Spider:4 | HP: 2/145 [poisoned by a hornet]
 10061 | Spider:4 | HP: 4/145 [poisoned by a hornet]
 10061 | Spider:4 | Blown up by an orb spider

Vault maps used:
D:1:      lemuel_arrival_room
D:2:      kennysheep_generic_room_9
D:3:      bloody_makhleb, first_bread, minmay_surrounded
D:4:      kennysheep_little_box, temple_doors_e, uniq_menkaure
D:5:      tgw_xom, uniq_pikel
D:6:      minmay_klotski
D:7:      elyvilon_altar_3
D:8:      fedhas_altar_1
D:9:      minmay_lair_entry_grove, basic_altar, uniq_maurice
D:10:     david_orc_5, basic_altar, hangedman_tree_tricks, jmf_multi_god_temple2
D:11:     uniq_psyche
Lair:1:   enter_volcano_4, grunt_megastairs_4, lemuel_fruit_tree,
          lemuel_fruit_fields, serial_bayou_shore_a, infiniplex_staircase_pool
Lair:3:   serial_bayou_shore_b, uniq_prince_ribbit2
Lair:4:   beast_lair_carwin_large_3, spider_nest_entry_web_field, minivault_26
Lair:6:   elwin_shoals_entry_rooms, grunt_megastairs_2, uniq_nessos
Lair:7:   ice2_lemuel, grunt_megastairs_3
Lair:8:   hangedman_lair_caniforms_friends, minmay_slime_entry_jelly_boxes,
          serial_bayou_shore_b
Shoals:1: uniq_donald
Shoals:2: serial_shops, shop
Shoals:4: shoals_end_simple, shoals_ilsuiw_alternative
Spider:1: uniq_roxanne
Spider:2: uniq_kirke
Spider:3: uniq_nikola
Spider:4: grunt_spider_rune_parallel, uniq_arachne
Orc:1:    nicolae_for_you_no_charge
Orc:2:    nicolae_orc_sculptors_studio
Orc:3:    basic_altar, nicolae_orc_pool_cavern
Orc:4:    pubby_orc_utopia, serial_shops
Volcano:  volcano_grotto

Action                   |  1- 3 |  4- 6 |  7- 9 | 10-12 | 13-15 | 16-18 || total
-------------------------+-------+-------+-------+-------+-------+-------++-------
Melee: Hand axe          |    43 |    52 |   118 |       |       |       ||   213
       War axe           |       |       |    75 |   261 |    41 |    52 ||   429
       Broad axe         |       |       |       |    54 |       |       ||    54
       Battleaxe         |       |       |       |   577 |       |       ||   577
       Executioner's axe |       |       |       |    29 |   770 |       ||   799
Throw: Javelin           |       |       |       |       |     6 |       ||     6
Invok: Berserk           |     2 |     3 |     6 |    10 |     8 |       ||    29
       Trog's Hand       |       |       |    10 |    12 |    29 |     1 ||    52
       Brothers in Arms  |       |       |       |     2 |     8 |     1 ||    11
Evoke: Wand              |       |       |       |     2 |    15 |     1 ||    18
  Use: Scroll            |       |     1 |     4 |     3 |    28 |     3 ||    39
       Potion            |       |       |     2 |       |    10 |     1 ||    13
 Stab: Distracted        |       |       |       |       |     1 |       ||     1
       Held in net/web   |       |       |       |       |       |     1 ||     1
  Eat: Beef jerky        |       |     1 |       |       |     1 |       ||     2
       Chunk             |       |     1 |     7 |    20 |    23 |       ||    51
       Bread ration      |       |     1 |       |     1 |       |       ||     2
       Pizza             |       |       |       |     1 |     2 |       ||     3
       Royal jelly       |       |       |       |     1 |       |       ||     1
       Fruit             |       |       |       |       |     4 |       ||     4
